[Event "*** SCC Grand Prix: Titled Tuesday Blitz"]
[Site "Chess.com"]
[Date "2020.07.07"]
[Round "4"]
[White "XDPS"]
[Black "bugsbunny444"]
[Result "1-0"]
[WhiteElo "2722"]
[BlackElo "2494"]
[TimeControl "180+1"]
[EndTime "10:39:28 PDT"]
[Termination "XDPS won on time"]

1. e4 c5 2. Nf3 e6 3. d4 cxd4 4. Nxd4 a6 5. Be2 Nf6 6. Nc3 Qc7 7. O-O Bb4 8. Qd3 O-O 9. f4 d6 10. Kh1 Nbd7 11. Qe3 b5 12. Bd3 Bc5 13. Nce2 e5 14.
fxe5 dxe5 15. Qg3 Nh5 16. Qh4 exd4 17. Qxh5 Qe5 18. Rf5 Qe7 19. Rf3 Ne5 20. Rg3 g6 21.
Bf4 f6 22. Rf1 Bd7 23. Bh6 Rf7 24. Nf4 1-0

[Event "*** SCC Grand Prix: Titled Tuesday Blitz"]
[Site "Chess.com"]
[Date "2020.07.07"]
[Round "4"]
[White "malakismayil"]
[Black "Budisavljevic"]
[Result "0-1"]
[WhiteElo "2134"]
[BlackElo "2397"]
[TimeControl "180+1"]
[EndTime "10:39:29 PDT"]
[Termination "Budisavljevic won by resignation"]

1. e4 c5 2. Nf3 e6 3. d4 cxd4 4. Nxd4 a6 5. Bd3 Qb6 6. Nb3 Qc7 7. O-O Nf6 8. Be3 Be7 9. f4 d6 10. N1d2 O-O 11. Qe2 Nbd7 12. Rae1 b6 13. h3 Bb7 14. Qf2 e5 15. Qg3 Nh5 16. Qf3 Nxf4 17. Bxf4 exf4 18. Qxf4 Ne5 19. Nf3 Bf6 20. Nfd4 Rad8 21.
Qg3 Ng6 22. Qe3 Be5 23. c3 Rfe8 24. Qf3 Bf6 25. Qe3 Bh4 26. g3 Be7 27. Kh2 Ne5 28. Bb1 Bf8 29. Qf2 g6 30. Bc2 Bg7 31. Bb1 Bc8 32.
Ne2 Be6 33. Nf4 Bc4 34. Rg1 Qb7 35. Qd2 Nf3+ 0-1

[Event "*** SCC Grand Prix: Titled Tuesday Blitz"]
[Site "Chess.com"]
[Date "2020.07.07"]
[Round "4"]
[White "dretch"]
[Black "SharapovEvgeny"]
[Result "0-1"]
[WhiteElo "2792"]
[BlackElo "2434"]
[TimeControl "180+1"]
[EndTime "10:39:31 PDT"]
[Termination "SharapovEvgeny won by resignation"]

1. d4 d5 2. c4 c6 3. Nc3 Nf6 4. e3 g6 5. Nf3 Bg7 6. Be2 O-O 7. O-O Bg4 8. Qb3 Qb6 9. Qxb6 axb6 10.
cxd5 Nxd5 11. Nxd5 cxd5 12. h3 Bxf3 13. Bxf3 e6 14. Bd2 Nc6 15. Rfc1 Rfc8 16. Kf1 Bf8 17. Ke2 Nb4 18. Rc3 Rxc3 19. bxc3 Nc6 20. e4 dxe4 21.
Bxe4 f5 22. Bc2 b5 23. Bb3 Kf7 24. d5 exd5 25. Bxd5+ Kf6 26. Rb1 Ra5 27. f4 b4 28.
Bb3 Ra8 29. g4 Re8+ 30. Kd3 Rd8+ 31. Kc2 Bc5 32. Re1 bxc3 33. Bxc3+ Bd4 34. Re6+ Kg7 35. gxf5 Bxc3 36. Kxc3 gxf5 37. Bc2 Rc8 38. Rd6 Nb4+ 39. Kxb4 Rxc2 40. Rd7+ Kg6 41. a4 Rf2 42. Rxb7 Rb2+ 43. Kc5 Rxb7 44. a5 Rb3 0-1

[Event "*** SCC Grand Prix: Titled Tuesday Blitz"]
[Site "Chess.com"]
[Date "2020.07.07"]
[Round "4"]
[White "Ginger_GM"]
[Black "SilviusTiberius"]
[Result "1-0"]
[WhiteElo "2675"]
[BlackElo "2501"]
[TimeControl "180+1"]
[EndTime "10:39:31 PDT"]
[Termination "Ginger_GM won by resignation"]

1. d4 Nf6 2. c4 g6 3. Nc3 Bg7 4. e4 d6 5. Nge2 O-O 6. Ng3 e5 7. d5 Na6 8. h4 Nc5 9. h5 c6 10. Be2 cxd5 11. cxd5 Bd7 12. b4 Na6 13. a3 Rc8 14. Bd2 Qe7 15. Rc1 Nb8 16. Bg5 Rc7 17.
Qd2 Rfc8 18. O-O a6 19. Na2 Rxc1 20. Rxc1 Qd8 21. Rxc8 Qxc8 22. h6 Bh8 23. Qc3 Ne8 24.
Qxc8 Bxc8 25. Nc1 Bf6 26. Be3 Bd8 27. Nb3 f5 28. exf5 gxf5 29. f4 exf4 30. Bxf4 Bb6+ 31.
Kh2 Bd7 32. Bd3 Ba4 33. Nd2 Nd7 34. Bxf5 Ne5 35. Be6+ Kf8 36. Nde4 Nf6 37. Nxf6 1-0

[Event "*** SCC Grand Prix: Titled Tuesday Blitz"]
[Site "Chess.com"]
[Date "2020.07.07"]
[Round "4"]
[White "blitzking1729"]
[Black "BillieKimbah"]
[Result "0-1"]
[WhiteElo "2558"]
[BlackElo "2882"]
[TimeControl "180+1"]
[EndTime "10:39:32 PDT"]
[Termination "BillieKimbah won on time"]

1. d4 Nf6 2. Bg5 Ne4 3. Bf4 d5 4. f3 Nf6 5. e4 dxe4 6. Nc3 Bf5 7. fxe4 Nxe4 8. Bd3 Nxc3 9. bxc3 Bxd3 10. Qxd3 c6 11. Nf3 e6 12. O-O Nd7 13. Rab1 b6 14. Ng5 Nf6 15. Rbe1 Be7 16. Be5 Qd7 17. Qf3 Qd5 18. Qd3 h6 19. c4 Qd7 20. Ne4 Nxe4 21. Qxe4 O-O 22. Re3 f6 23. Bg3 e5 24. Kh1 Qe6 25.
dxe5 f5 26. Qf3 Rad8 27. Rd3 Qxc4 28. Rxd8 Rxd8 29. Qxf5 Rf8 0-1

[Event "*** SCC Grand Prix: Titled Tuesday Blitz"]
[Site "Chess.com"]
[Date "2020.07.07"]
[Round "4"]
[White "superchess02"]
[Black "JesseKraai"]
[Result "1-0"]
[WhiteElo "2664"]
[BlackElo "2485"]
[TimeControl "180+1"]
[EndTime "10:39:32 PDT"]
[Termination "superchess02 won by checkmate"]

1. e4 e6 2. d4 d5 3. Nc3 Nf6 4. e5 Nfd7 5. f4 c5 6. Nf3 Nc6 7. Be3 cxd4 8. Nxd4 Bc5 9. Qd2 O-O 10. Be2 a6 11. O-O Nxd4 12. Bxd4 b5 13. Nd1 Qc7 14.
Ne3 b4 15. c3 a5 16. Kh1 Ba6 17. Bxa6 Rxa6 18. Rae1 bxc3 19. bxc3 f5 20. g4 fxg4 21.
Qg2 Bxd4 22. cxd4 Qc3 23. Nxd5 Qxd4 24. Ne7+ Kh8 25. Rd1 Qa7 26. Nc6 Qb7 27. Rd6 Nc5 28.
Rc1 Qb5 29. Nd4 Qb4 30. Rxa6 Nxa6 31. Nxe6 Rg8 32. Qxg4 Qe4+ 33. Qg2 Qf5 34. Ng5 Qxf4 35. Rf1 Qe3 36. Nf7# 1-0

[Event "*** SCC Grand Prix: Titled Tuesday Blitz"]
[Site "Chess.com"]
[Date "2020.07.07"]
[Round "4"]
[White "NormWeinstein"]
[Black "fabianvivasz"]
[Result "1-0"]
[WhiteElo "2440"]
[BlackElo "2267"]
[TimeControl "180+1"]
[EndTime "10:39:32 PDT"]
[Termination "NormWeinstein won on time"]

1. e4 e5 2. Nf3 Nc6 3. Bb5 f5 4. d3 fxe4 5. dxe4 Nf6 6. O-O Bc5 7. Bg5 d6 8. Bc4 h6 9. Bxf6 Qxf6 10. h3 Be6 11.
Bxe6 Qxe6 12. Nc3 O-O 13. Nd5 Rf7 14. Ne1 a5 15. Nd3 Ba7 16. c3 Raf8 17. Qb3 Nd8 18.
c4 Bd4 19. Nc3 Rf3 20. Qd1 Rxh3 21. Ne2 Rh4 22. Nxd4 exd4 23. f3 Nc6 24. Qd2 Ne5 25. b3 Qg6 26. Ne1 Qh5 27. Kf2 Rh2 28. Ke2 d3+ 29.
Kd1 1-0

[Event "*** SCC Grand Prix: Titled Tuesday Blitz"]
[Site "Chess.com"]
[Date "2020.07.07"]
[Round "4"]
[White "LaPorfia"]
[Black "JSMastropiero"]
[Result "0-1"]
[WhiteElo "2219"]
[BlackElo "2418"]
[TimeControl "180+1"]
[EndTime "10:39:32 PDT"]
[Termination "JSMastropiero won by resignation"]

1. d4 Nf6 2. Nf3 g6 3. Nc3 d5 4.
Bf4 Bg7 5. e3 O-O 6. Ne5 c5 7.
Be2 Qb6 8. Rb1 cxd4 9. exd4 Nc6 10. Nxc6 Qxc6 11. O-O Bf5 12. Re1 Ne4 13. Nxe4 Bxe4 14.
Rc1 Qb6 15. Bd3 Bxd4 16. Rf1 Bxd3 17. Qxd3 e6 18. c4 dxc4 19. Rxc4 Rfd8 20. Qc2 Qxb2 21. Qxb2 Bxb2 22. Rb4 Bd4 23. Rxb7 Rac8 24. h4 h5 25. Bg5 Rd5 26. Rfb1 Bb6 27. g3 Rc2 28. Rb8+ Kg7 29.
R8xb6 axb6 30. Rxb6 Rxa2 31. Be3 e5 32. Kg2 Rd3 33.
Kf3 Ra4 34. Ke2 e4 35. Rb7 Ra2+ 36. Kf1 Rd1+ 37. Kg2 Raa1 38. g4 hxg4 39. Kg3 Rab1 40. Kxg4 Rxb7 0-1

[Event "*** SCC Grand Prix: Titled Tuesday Blitz"]
[Site "Chess.com"]
[Date "2020.07.07"]
[Round "4"]
[White "Vandros57"]
[Black "Bacyanide"]
[Result "0-1"]
[WhiteElo "2118"]
[BlackElo "2438"]
[TimeControl "180+1"]
[EndTime "10:39:32 PDT"]
[Termination "Bacyanide won on time"]

1. d4 f5 2. e4 fxe4 3. Nc3 Nf6 4. Bg5 Nc6 5. d5 Ne5 6. Qe2 Nf7 7. Bxf6 exf6 8.
Nxe4 Be7 9. O-O-O O-O 10. Kb1 d6 11. Ng3 f5 12. f4 Bf6 13. Nf3 c5 14. Qd3 g6 15. h4 b5 16. Qxb5 Bd7 17. Qa6 Rb8 18.
b3 Bg7 19. c3 Bxc3 20. Qc4 Bg7 21. Kc2 Rb4 22. Qe2 Qf6 23. Rb1 Rxf4 24. Qd3 Ne5 25.
Nxe5 Qxe5 26. Be2 Rf2 27. Rhe1 Rxg2 28. Nf1 Re8 29. Kd1 Qd4 30. Qxd4 Bxd4 31. Bd3 Rxe1+ 32.
Kxe1 Rxa2 33. Nd2 Bc3 34. Rd1 Kg7 35. Ke2 Kf6 36. Ke3 Rxd2 37. Rxd2 Bxd2+ 38. Kxd2 Ke5 39. h5 Kxd5 40. Bc4+ Ke5 41. h6 d5 42. Be2 Kf6 43. Bf3 Be6 0-1

[Event "*** SCC Grand Prix: Titled Tuesday Blitz"]
[Site "Chess.com"]
[Date "2020.07.07"]
[Round "4"]
[White "WilliamSchill"]
[Black "sm_sharon"]
[Result "0-1"]
[WhiteElo "1967"]
[BlackElo "2177"]
[TimeControl "180+1"]
[EndTime "10:39:32 PDT"]
[Termination "sm_sharon won on time"]

1. e4 g6 2. d4 Bg7 3. Nc3 d6 4.
f4 a6 5. Nf3 b5 6. Bd3 Nd7 7. Ne2 Bb7 8. c3 c5 9. O-O Ngf6 10.
Ng3 O-O 11. f5 e6 12. fxe6 fxe6 13. Bg5 h6 14. Bd2 c4 15. Bc2 e5 16. Qe2 Kh7 17. Rad1 Qe7 18. Kh1 Rf7 19. h3 Raf8 20. Rf2 Ng8 21.
Rdf1 Bc8 22. Kh2 Bb7 23. Kh1 Ngf6 24. Bg5 Qe6 25. d5 Qe7 26. Be3 Qd8 27. Nh2 Bc8 28. Ng4 Qe7 29. Nxf6+ Nxf6 30. Qd2 Ng8 0-1

[Event "*** SCC Grand Prix: Titled Tuesday Blitz"]
[Site "Chess.com"]
[Date "2020.07.07"]
[Round "4"]
[White "VladimirBugayev"]
[Black "ljuks68"]
[Result "0-1"]
[WhiteElo "2247"]
[BlackElo "2431"]
[TimeControl "180+1"]
[EndTime "10:39:33 PDT"]
[Termination "ljuks68 won on time"]

1. e4 e6 2. d4 d5 3. Nd2 Nf6 4. e5 Nfd7 5. Bd3 c5 6. c3 Nc6 7. Ne2 cxd4 8. cxd4 f6 9. exf6 Qxf6 10. Nf3 h6 11.
Bf4 Bb4+ 12. Kf1 O-O 13. Bg3 Rd8 14. a3 Be7 15. Bc2 e5 16. dxe5 Ndxe5 17. Nxe5 Nxe5 18. Bxe5 Qxe5 19. Qd3 Qf6 20. Re1 Bc5 21. f3 Be6 22. b4 Bb6 23. Nf4 Qxf4 24. Rxe6 Rac8 25. Qh7+ Kf8 26.
Re1 Rc6 27. Bg6 Qc4+ 28. Bd3 Qa2 0-1

[Event "*** SCC Grand Prix: Titled Tuesday Blitz"]
[Site "Chess.com"]
[Date "2020.07.07"]
[Round "4"]
[White "Maili15"]
[Black "suyu28"]
[Result "0-1"]
[WhiteElo "2256"]
[BlackElo "2579"]
[TimeControl "180+1"]
[EndTime "10:39:34 PDT"]
[Termination "suyu28 won on time"]

1. d4 d5 2. c4 c6 3. Nf3 Nf6 4. Nc3 e6 5. Bg5 h6 6. Bxf6 Qxf6 7. e3 g6 8. Bd3 Bg7 9. O-O Qd8 10. e4 dxe4 11. Bxe4 O-O 12. Qd2 b6 13. Rfe1 Bb7 14. Rad1 Qc7 15. Ne5 Nd7 16. f4 Rfd8 17. Qf2 Nxe5 18.
dxe5 Rxd1 19. Rxd1 Rd8 20. Qf3 Bf8 21. a3 Bc5+ 22.
Kh1 Ba6 23. Bxc6 Bxc4 24. Rxd8+ Qxd8 25. Ne4 Be7 26. h3 Qd4 27. Nc3 Bc5 28. Qd1 Qxf4 29. Ne4 Qxe5 30. Qd8+ Kg7 31. Qd7 Bd4 32. Qxa7 Qf4 0-1

[Event "*** SCC Grand Prix: Titled Tuesday Blitz"]
[Site "Chess.com"]
[Date "2020.07.07"]
[Round "4"]
[White "chegueps"]
[Black "Chernobay_Artem"]
[Result "0-1"]
[WhiteElo "2401"]
[BlackElo "2609"]
[TimeControl "180+1"]
[EndTime "10:39:35 PDT"]
[Termination "Chernobay_Artem won by resignation"]

1. d4 Nf6 2. Nf3 c5 3. e3 g6 4. Bd3 Bg7 5. O-O O-O 6. b3 cxd4 7. exd4 d5 8. Nbd2 Nc6 9. Bb2 Nb4 10. Be2 Bf5 11.
c3 Nd3 12. Bxd3 Bxd3 13. Re1 Rc8 14. Ne5 Bf5 15. c4 dxc4 16. bxc4 Qa5 17. Nb3 Qa4 18. Qf3 b6 19. c5 Be6 20. h3 Bd5 21.
Qd3 Rfd8 22. Rec1 Nd7 23. Nxd7 Qxd7 24. Qa6 Qb7 25. Qxb7 Bxb7 26. a4 Bd5 27. Ra3 Rb8 28. cxb6 Rxb6 29. Rc3 Rdb8 30. Rc5 Bxb3 31. a5 Rb5 32. Bc1 Bxd4 33. Rxb5 Rxb5 0-1

[Event "*** SCC Grand Prix: Titled Tuesday Blitz"]
[Site "Chess.com"]
[Date "2020.07.07"]
[Round "4"]
[White "Nikithebest"]
[Black "bgfbfbgfbgfgf"]
[Result "1/2-1/2"]
[WhiteElo "2477"]
[BlackElo "2632"]
[TimeControl "180+1"]
[EndTime "10:39:37 PDT"]
[Termination "Game drawn by repetition"]

1. e4 e5 2. Nf3 Nc6 3. Nc3 Nf6 4. d4 exd4 5. Nxd4 Bb4 6. Nxc6 bxc6 7. Bd3 O-O 8. O-O d5 9. exd5 cxd5 10. h3 c6 11.
Qf3 Rb8 12. Bf4 Bd6 13. b3 Rb4 14. Bxd6 Qxd6 15. Qe3 Re8 16. Qxa7 Bxh3 17. gxh3 Ng4 18. f4 Rxf4 19. Rxf4 Qxf4 20. hxg4 Qxg4+ 21. Kf1 Qh3+ 22. Kf2 Qh2+ 23. Kf1 Qh3+ 24. Kf2 Qh4+ 25. Kf1 Qf6+ 26. Qf2 Qxc3 27. Re1 Rf8 28. a4 f5 29. Re7 Qf6 30.
Qe2 Qh4 31. Re8 Qh1+ 32. Kf2 Qh4+ 33. Kf1 Qh1+ 34. Kf2 Qh4+ 35. Kg2 Qg5+ 36. Kf2 Qh4+ 1/2-1/2

[Event "*** SCC Grand Prix: Titled Tuesday Blitz"]
[Site "Chess.com"]
[Date "2020.07.07"]
[Round "4"]
[White "GigaQuparadze"]
[Black "kushagramohan"]
[Result "1-0"]
[WhiteElo "2885"]
[BlackElo "2704"]
[TimeControl "180+1"]
[EndTime "10:39:38 PDT"]
[Termination "GigaQuparadze won by checkmate"]

1. e4 d6 2. d4 Nf6 3. Nc3 g6 4. f4 Bg7 5. Nf3 c5 6. d5 O-O 7. a4 e6 8. dxe6 fxe6 9. Bc4 Nxe4 10. Nxe4 d5 11. Bd3 c4 12. Be2 dxe4 13. Qxd8 Rxd8 14. Ng5 c3 15. Rb1 Nc6 16. Nxe4 cxb2 17. Bxb2 Nd4 18. Bd3 Bd7 19. Nc5 Bc6 20. O-O b6 21. Na6 Bxa4 22. c3 Bb5 23. Bxb5 Nxb5 24. c4 Nd4 25. Rfe1 Rac8 26. Rbc1 Nf3+ 27. gxf3 Bxb2 28. Rc2 Bd4+ 29. Kg2 Kf7 30. Nb4 b5 31. cxb5 Bc3 32. Rec1 Rc4 33. Nc6 Rd3 34. Ne5+ Bxe5 35. Rxc4 Rd2+ 36. Kg3 Bd6 37. R1c2 Rd1 38. Kg2 Kf6 39. Ra2 h5 40.
h4 Rb1 41. Ra6 Ke7 42. Rcc6 Bxf4 43. Rxe6+ Kd7 44. Rxg6 Rb2+ 45. Kf1 Be3 46. Rg7+ Kc8 47. Re6 Bd4 48. Re8# 1-0

[Event "*** SCC Grand Prix: Titled Tuesday Blitz"]
[Site "Chess.com"]
[Date "2020.07.07"]
[Round "4"]
[White "AquivaRubinstein"]
[Black "DenisQ"]
[Result "0-1"]
[WhiteElo "2475"]
[BlackElo "2648"]
[TimeControl "180+1"]
[EndTime "10:39:38 PDT"]
[Termination "DenisQ won on time"]

1. e4 c6 2. d4 d5 3. e5 Bf5 4.
Nc3 e6 5. g4 Bg6 6. Nge2 c5 7.
Be3 cxd4 8. Nxd4 Nc6 9. Bb5 Ne7 10. f4 a6 11. Bxc6+ bxc6 12. b4 h5 13. f5 exf5 14.
g5 Qd7 15. Na4 Nc8 16. c3 Be7 17. O-O O-O 18. Bf4 a5 19. a3 axb4 20. axb4 Qb7 21. Nb3 Nb6 22. Na5 Rxa5 23. bxa5 Nc4 24. Qd4 Nxa5 25.
Rfb1 Nb3 26. Qd1 Qa7+ 27. Kh1 Nxa1 28. Rxa1 Ra8 29. Qb3 h4 30. h3 Bh5 31. Ra2 Qa6 32. c4 dxc4 33. Qe3 Qb5 34. Nc3 Qb7 35. Rxa8+ Qxa8 36. Qb6 c5+ 37. Kh2 Qf3 0-1

[Event "*** SCC Grand Prix: Titled Tuesday Blitz"]
[Site "Chess.com"]
[Date "2020.07.07"]
[Round "4"]
[White "Fins0905"]
[Black "2nd_life"]
[Result "0-1"]
[WhiteElo "2619"]
[BlackElo "2482"]
[TimeControl "180+1"]
[EndTime "10:39:38 PDT"]
[Termination "2nd_life won by resignation"]

1. d4 Nf6 2. Nf3 e6 3. c4 b6 4.
g3 Ba6 5. Qa4 Bb7 6. Bg2 c5 7.
dxc5 Bxc5 8. O-O O-O 9. Nc3 Be7 10. Bf4 Na6 11. Rad1 Nc5 12. Qc2 Rc8 13. Qb1 Nce4 14. Qd3 Nxc3 15. Qxc3 d5 16. Ne5 Ba6 17. b3 b5 18. Qe3 bxc4 19. Qxa7 Ra8 20. Qe3 cxb3 21. axb3 Bb5 22. Rd2 Qa5 23. g4 Rfc8 24. g5 Nh5 25. Rfd1 Be8 26. Bf3 Nxf4 27. Qxf4 Qb4 28. Rd4 Qxb3 29.
h4 Ra4 30. Ng4 Qxd1+ 0-1

[Event "*** SCC Grand Prix: Titled Tuesday Blitz"]
[Site "Chess.com"]
[Date "2020.07.07"]
[Round "4"]
[White "anon569"]
[Black "DortmundCity"]
[Result "0-1"]
[WhiteElo "2358"]
[BlackElo "2601"]
[TimeControl "180+1"]
[EndTime "10:39:38 PDT"]
[Termination "DortmundCity won on time"]

1. e4 c5 2. Nf3 d6 3. d4 cxd4 4. Nxd4 Nf6 5. Nc3 Nc6 6. Bg5 Bd7 7. Qd2 Rc8 8. f4 h6 9. Bh4 g5 10. fxg5 hxg5 11. Bxg5 Bg7 12. Nb3 Ng4 13. O-O-O a5 14.
Kb1 Bxc3 15. Qxc3 Rg8 16. Qd2 a4 17. Nc1 a3 18. b3 Qa5 19. Bf4 Nb4 20. c3 Na6 21. b4 Qc7 22. h3 Nf6 23. Bd3 Qxc3 24.
Qxc3 Rxc3 25. Bd2 Rxd3 26. Nxd3 Nxe4 27. Rhe1 d5 28. Nf4 e6 29. g4 Ba4 30. Nh5 Bxd1 31. Rxd1 Kd7 32. Be1 Rc8 33. Rd3 Rc4 34. Rxa3 Nxb4 35.
Rb3 Nc2 36. Bh4 Kc6 37. Kb2 b5 38. Nf4 Nd4 0-1

[Event "*** SCC Grand Prix: Titled Tuesday Blitz"]
[Site "Chess.com"]
[Date "2020.07.07"]
[Round "4"]
[White "Andreikka"]
[Black "krzyzan94"]
[Result "1-0"]
[WhiteElo "2919"]
[BlackElo "2672"]
[TimeControl "180+1"]
[EndTime "10:39:39 PDT"]
[Termination "Andreikka won by resignation"]

1. c4 e5 2. Nc3 Nf6 3. Nf3 Nc6 4. e4 Bc5 5. Nxe5 Bxf2+ 6. Kxf2 Nxe5 7. d4 Neg4+ 8. Kg1 d6 9. h3 Nh6 10. Qf3 c5 11. Be3 cxd4 12. Bxd4 Be6 13. Rd1 Rc8 14. Bxf6 Qxf6 15. Qxf6 gxf6 16. Rxd6 Ke7 17. Rd4 Rhd8 18.
Nd5+ Bxd5 19. exd5 Nf5 20. Re4+ Kd6 21. Kh2 Kc5 22.
Bd3 Rd7 23. Rf4 Nd6 24. Bxh7 Re8 25. Bd3 Re3 26. Rd1 f5 27. Bxf5 Nxf5 28. Rxf5 Kxc4 29. Rd2 Kc5 30. h4 Kd6 31. Rdf2 Re4 32. g3 Rd4 33.
Kh3 f6 34. Rxf6+ Kxd5 35. Rf7 Rd6 36. Rxb7 Rg6 37. Rxa7 Rdg4 38. Ra3 Kd6 39. Raf3 Ke5 40. Rf5+ Ke6 41. Rf6+ Ke5 1-0

[Event "*** SCC Grand Prix: Titled Tuesday Blitz"]
[Site "Chess.com"]
[Date "2020.07.07"]
[Round "4"]
[White "yuliagok"]
[Black "Tactictic"]
[Result "1-0"]
[WhiteElo "2107"]
[BlackElo "2281"]
[TimeControl "180+1"]
[EndTime "10:39:39 PDT"]
[Termination "yuliagok won by checkmate"]

1. d4 c5 2. d5 Nf6 3. c4 g6 4.
Nc3 Bg7 5. e4 d6 6. Nf3 O-O 7.
Bd3 Nbd7 8. O-O Ng4 9. h3 Nge5 10. Nxe5 Nxe5 11. Be2 f5 12. exf5 Bxf5 13. Bg5 Bf6 14.
Bxf6 Rxf6 15. f4 Nd7 16. g4 Qf8 17. gxf5 Rxf5 18. Bg4 Rxf4 19. Bxd7 Qf6 20. Be6+ Kg7 21. Rxf4 Qxf4 22. Qg4 Qe3+ 23. Kh1 Rf8 24. Rg1 Rf2 25.
Ne4 Rxb2 26. Rg2 Rb1+ 27. Kh2 Qc1 28. Ng3 h5 29. Qf3 h4 30. Qf7+ Kh8 31. Qg8# 1-0

[Event "*** SCC Grand Prix: Titled Tuesday Blitz"]
[Site "Chess.com"]
[Date "2020.07.07"]
[Round "4"]
[White "metalbattler"]
[Black "Shivagami"]
[Result "0-1"]
[WhiteElo "2010"]
[BlackElo "2202"]
[TimeControl "180+1"]
[EndTime "10:39:39 PDT"]
[Termination "Shivagami won by resignation"]

1. e4 c5 2. Nc3 g6 3. f4 Bg7 4. Nf3 e6 5. d4 cxd4 6. Nxd4 Ne7 7. Be3 O-O 8. Qd2 Nbc6 9. O-O-O d5 10. e5 a6 11.
Nce2 b5 12. Nxc6 Nxc6 13. Nd4 Bb7 14. Kb1 Rc8 15. g4 Na5 16. h4 Nc4 17. Bxc4 dxc4 18. h5 Bxh1 19. Rxh1 g5 20. c3 Qd5 21. Re1 b4 22. fxg5 bxc3 23. bxc3 Rb8+ 24. Ka1 Rb7 25.
g6 Rfb8 26. gxf7+ Rxf7 27. g5 Rfb7 28. g6 Qe4 29. gxh7+ Qxh7 30. Qc1 Qd3 31. Rg1 Rb1+ 32. Qxb1 Qxc3+ 0-1

[Event "*** SCC Grand Prix: Titled Tuesday Blitz"]
[Site "Chess.com"]
[Date "2020.07.07"]
[Round "4"]
[White "davidkalashian"]
[Black "chito89"]
[Result "0-1"]
[WhiteElo "2624"]
[BlackElo "2816"]
[TimeControl "180+1"]
[EndTime "10:39:40 PDT"]
[Termination "chito89 won by resignation"]

1. d4 Nf6 2. c4 e6 3. Nf3 Bb4+ 4. Bd2 a5 5. g3 O-O 6. Bg2 d5 7. Qc2 c5 8. dxc5 d4 9. O-O Bxc5 10. Rd1 Nc6 11. Bf4 Qe7 12. Ne5 Nxe5 13. Bxe5 Rd8 14.
h3 Ne8 15. Na3 f6 16. Bf4 e5 17. Bc1 Be6 18. Nb5 Rac8 19. b3 Nd6 20. a4 b6 21.
Bb2 Bf5 22. Qc1 Bb4 23. e3 Nxb5 24. axb5 d3 25. e4 Be6 26. Qe3 Bc5 27. Qf3 Qd7 28.
Bc3 Bd4 29. Rac1 a4 30. bxa4 Rxc4 31. Bxd4 Rxc1 32. Rxc1 Qxd4 33. Rd1 d2 34. Bf1 Qxa4 35. Qe2 Qc2 0-1

[Event "*** SCC Grand Prix: Titled Tuesday Blitz"]
[Site "Chess.com"]
[Date "2020.07.07"]
[Round "4"]
[White "mishanick"]
[Black "Sashadav97"]
[Result "1-0"]
[WhiteElo "2852"]
[BlackElo "2544"]
[TimeControl "180+1"]
[EndTime "10:39:40 PDT"]
[Termination "mishanick won by resignation"]

1. d4 d5 2. c4 e6 3. Nf3 a6 4.
cxd5 exd5 5. Nc3 c6 6. Qb3 Bd6 7. e4 dxe4 8. Ng5 Nh6 9. Ngxe4 Nf5 10. Bc4 O-O 11. Be3 b5 12. Bd3 Be6 13. Qd1 Nxe3 14. fxe3 Qh4+ 15. g3 Qe7 16. O-O Nd7 17. Qh5 g6 18.
Qh6 f5 19. Ng5 Nf6 20. Nxe6 Qxe6 21. Rae1 Ng4 22. Qg5 h6 23. Qh4 Be7 24. Qh3 Bg5 25. e4 Be3+ 26. Kg2 fxe4 27. Nxe4 h5 28. Kh1 Qd5 29.
Qg2 Bxd4 30. Bc2 Ne3 31. Rxe3 Bxe3 32. Bb3 1-0

[Event "*** SCC Grand Prix: Titled Tuesday Blitz"]
[Site "Chess.com"]
[Date "2020.07.07"]
[Round "4"]
[White "BigAl"]
[Black "Revnov"]
[Result "0-1"]
[WhiteElo "2502"]
[BlackElo "2685"]
[TimeControl "180+1"]
[EndTime "10:39:40 PDT"]
[Termination "Revnov won on time"]

1. e4 e5 2. Bc4 Nf6 3. d3 Nc6 4. Nf3 h6 5. O-O d6 6. a4 g5 7. a5 a6 8. c3 Bg7 9. Nbd2 O-O 10. Re1 d5 11. exd5 Nxd5 12. Ne4 g4 13. Nfd2 Nf4 14.
Nf1 Kh8 15. d4 f5 16. Neg3 Qh4 17. dxe5 Nxg2 18. Kxg2 f4 19. e6 Ne5 20. Rxe5 Bxe5 21. Qd5 Bg7 22. Qh5 Qh3+ 23. Kg1 fxg3 24. Nxg3 Qxh5 25. Nxh5 Re8 26. Nf4 b5 27. axb6 cxb6 28. Be3 Bb7 0-1

[Event "*** SCC Grand Prix: Titled Tuesday Blitz"]
[Site "Chess.com"]
[Date "2020.07.07"]
[Round "4"]
[White "econpower"]
[Black "ChessicallyInclined"]
[Result "1-0"]
[WhiteElo "2670"]
[BlackElo "2490"]
[TimeControl "180+1"]
[EndTime "10:39:40 PDT"]
[Termination "econpower won by resignation"]

1. c4 b6 2. d4 Nf6 3. Nc3 Bb7 4. d5 e6 5. a3 Bd6 6. e4 Be5 7. Bd3 Na6 8. Nge2 Nc5 9. Bc2 exd5 10. exd5 O-O 11.
h3 c6 12. O-O cxd5 13. cxd5 Re8 14. Re1 Rc8 15. Bg5 h6 16. Bh4 a5 17. Rc1 Ba6 18.
b4 axb4 19. axb4 Bxe2 20. Nxe2 Nb7 21. Qd3 g6 22. f4 Bd6 23. Qd4 Be7 24. d6 Nxd6 25.
Bxf6 Nf5 26. Bxf5 Bxf6 27. Qd3 Rxc1 28. Rxc1 gxf5 29. Ng3 Qe7 30. Nxf5 Qxb4 31. Qxd7 Rf8 32. Rf1 Kh7 33. Kh2 b5 34. Ng3 Qc4 35. Qf5+ Kg7 36. Nh5+ Kg8 37. Qxf6 1-0

[Event "*** SCC Grand Prix: Titled Tuesday Blitz"]
[Site "Chess.com"]
[Date "2020.07.07"]
[Round "4"]
[White "tsvet2005"]
[Black "ambaixador"]
[Result "1-0"]
[WhiteElo "2634"]
[BlackElo "2344"]
[TimeControl "180+1"]
[EndTime "10:39:40 PDT"]
[Termination "tsvet2005 won on time"]

1. d4 d5 2. c4 e6 3. Nc3 Nf6 4. cxd5 exd5 5. Bg5 c6 6. e3 h6 7. Bh4 Be7 8. Bd3 O-O 9. Nge2 Nbd7 10. O-O Re8 11.
Qc2 Nf8 12. Rad1 Ne4 13. Bxe7 Qxe7 14. Bxe4 dxe4 15. d5 Bg4 16. dxc6 bxc6 17. h3 Bh5 18. Rd2 Rad8 19. Rxd8 Rxd8 20. Nf4 Qc5 21. Nxh5 Qxh5 22. Qxe4 Rd2 23. Qxc6 Rxb2 24. Nd5 Qe5 25. a4 Rd2 26. Nf4 Qd6 27. Qc4 Rd1 28. Rxd1 Qxd1+ 29. Kh2 Qd6 30. g3 Qe7 31. Kg2 Qd7 32. a5 Qb7+ 33. e4 Nd7 34. a6 Qb8 35. Nd5 Ne5 36. Qc5 Kh7 37. Qe7 1-0

[Event "*** SCC Grand Prix: Titled Tuesday Blitz"]
[Site "Chess.com"]
[Date "2020.07.07"]
[Round "4"]
[White "IngOscarArdila"]
[Black "chenxiaoyuer"]
[Result "0-1"]
[WhiteElo "2170"]
[BlackElo "2407"]
[TimeControl "180+1"]
[EndTime "10:39:40 PDT"]
[Termination "chenxiaoyuer won by checkmate"]

1. d4 Nf6 2. c4 g6 3. Nc3 Bg7 4. e4 d6 5. Nf3 O-O 6. Be2 e5 7. O-O Nc6 8. d5 Ne7 9. Bg5 h6 10. Bxf6 Bxf6 11. b4 Kg7 12. c5 Ng8 13. Nd2 Be7 14. Bg4 f5 15. Bf3 Nf6 16. cxd6 cxd6 17. h3 f4 18. Bg4 Nxg4 19. hxg4 Rh8 20. Rc1 a6 21. a4 h5 22. g5 Bxg5 23. Nf3 Bf6 24. b5 g5 25. bxa6 bxa6 26. Qc2 g4 27. Nd2 f3 28. Nd1 fxg2 29. Kxg2 Ra7 30. Ne3 Bg5 31.
Rfe1 Rf7 32. Ndf1 Qf6 33. Ng3 Qf3+ 34. Kg1 Bxe3 35. Rxe3 Qf4 36. Nf5+ Bxf5 37. exf5 h4 38. Qe4 Qg5 39. Rc6 g3 40. fxg3 hxg3 41. Rxd6 Rh1+ 42.
Kxh1 Qh5+ 43. Kg1 Qh2+ 44. Kf1 Qf2# 0-1

[Event "*** SCC Grand Prix: Titled Tuesday Blitz"]
[Site "Chess.com"]
[Date "2020.07.07"]
[Round "4"]
[White "rugbyclub"]
[Black "kleopl"]
[Result "0-1"]
[WhiteElo "2147"]
[BlackElo "2403"]
[TimeControl "180+1"]
[EndTime "10:39:41 PDT"]
[Termination "kleopl won by checkmate"]

1. c4 Nf6 2. Nc3 g6 3. e4 d6 4. d4 Bg7 5. Be2 O-O 6. Nf3 e5 7. d5 Ne8 8. O-O f5 9. Ne1 f4 10. Bg4 Na6 11. a3 Nf6 12. Bxc8 Qxc8 13. f3 g5 14. b4 h5 15. Nd3 g4 16. c5 Qd7 17.
Bd2 Kh8 18. Rc1 Rg8 19. Kh1 Raf8 20. Be1 Nh7 21. Qe2 Bf6 22. Bf2 Rg7 23. Nb2 Rfg8 24. c6 gxf3 25. Qxf3 bxc6 26. dxc6 Qf7 27. Nd5 Ng5 28.
Qe2 f3 29. gxf3 Bd8 30. Be3 Nb8 31. Bxa7 Nh3 32. Bxb8 Bg5 33. Rcd1 Rxb8 34. b5 Bh4 35. Nc4 Rbg8 36. b6 Qg6 37. Nde3 Qg1+ 38. Rxg1 Rxg1+ 39. Rxg1 Rxg1# 0-1